 Dungeon Crawl Stone Soup version 0.24.0-37-gcf1ca852f1 (webtiles) character file.

Game seed: 10650416724541108123, levelgen mode: deterministic

256 Descartes the Sneak (level 5, -4/25 HPs)
             Began as a Felid Monk on Dec 1, 2019.
             Killed from afar by an orc wizard (7 damage)
             ... with a magic dart
             ... on level 7 of the Dungeon.
             The game lasted 00:10:21 (4661 turns).

Descartes the Sneak (Felid Monk)                    Turns: 4661, Time: 00:10:22

Health: -4/25      AC:  3    Str:  8    XL:     5   Next: 92%
Magic:  6/6        EV: 21    Int: 14    God:
Gold:   172        SH:  0    Dex: 19    Spells: 4/4 levels left
                                        Lives:  0   Deaths: 1

rFire    + . .     SeeInvis +     - Unarmed
rCold    . . .     Gourm    .   (shield unavailable)
rNeg     . . .     Faith    .   (armour unavailable)
rPois    +         Spirit   .   (helmet unavailable)
rElec    .         Reflect  .   (cloak unavailable)
rCorr    .         Harm     .   (gloves unavailable)
MR       .....                  (boots unavailable)
Stlth    ++........             (no amulet)
HPRegen  0.08/turn              j - +5 ring of intelligence
MPRegen  0.10/turn              (no ring)

@: confused, quick
A: very small, no armour, no weapons or thrown items, stealth, claws 1, fangs 3,
yellow scales 1, see invisible, carnivore, dopey 1, fire resistance 1, speed 1,
poison resistance, shaggy fur 1, slow metabolism 1, sharp paws
a: no special abilities


You were on level 7 of the Dungeon.
You were completely stuffed.

You visited 2 branches of the dungeon, and saw 6 of its levels.

You collected 172 gold pieces.

Inventory:

Missiles
 l - 86 arrows
Jewellery
 j - a +5 ring of intelligence (left paw)
Scrolls
 b - a scroll of enchant armour {unknown}
 d - a scroll of enchant weapon {unknown}
 f - 2 scrolls of immolation {unknown}
 h - a scroll of blinking {unknown}
 i - a scroll of fear {unknown}
 m - 2 scrolls of teleportation {unknown}
 r - 2 scrolls of remove curse {unknown}
Potions
 e - a potion of flight
 n - a potion of lignification {unknown}
 o - a potion of agility {unknown}
 p - 2 potions of brilliance
 q - a potion of haste {unknown}
 s - a potion of curing
 t - a potion of invisibility {unknown}
Comestibles
 a - 4 rations
 c - 4 chunks of flesh


   Skills:
 + Level 4.0 Fighting
 + Level 5.3 Dodging
 * Level 6.0 Stealth
 * Level 4.7 Unarmed Combat


You had 4 spell levels left.
You didn't know any spells.
Your spell library was empty.

Dungeon Overview and Level Annotations

Branches:
Dungeon (4/15)             Temple (1/1) D:4

Altars:
Elyvilon
Gozag
Hepliaklqana
Okawaru
Qazlal
Uskayaw
Vehumet
Wu Jian
Xom
Yredelemnul
Zin
The Shining One


Innate Abilities, Weirdness & Mutations

You cannot wear armour.
You are incapable of wielding weapons or throwing items.
Your paws allow you to move quietly. (Stealth)
You have sharp claws.
You have razor-sharp teeth.
You have supernaturally acute eyesight. (SInv)
You are carnivorous and can eat meat at any time.
You cover ground quickly.
You are covered in fur. (AC +1)
You have a slow metabolism.
Your sharp claws are effective at attacking unaware monsters.
You are partially covered in yellow scales. (AC +2)
You are dopey. (Int -2)
Your flesh is heat resistant. (rF+)
Your system is resistant to poisons. (rPois)


Message History

Your bite misses the orc wizard.
The orc wizard is severely wounded.
The kobold completely misses you.
The orc wizard hits you with a +0 dagger.
The kobold closely misses you. The orc wizard misses you.
You bump into the rock wall.
The kobold hits you. The orc wizard misses you.
The orc wizard closely misses you. The kobold barely misses you.
You closely miss the kobold. Your bite misses the kobold. The kobold hits you.
The orc wizard gestures at you while chanting.
The magic dart hits you.
* * * LOW HITPOINT WARNING * * *
The kobold misses you.
The orc wizard hits you but does no damage.
Unknown command.
You scratch the orc wizard but do no damage.
The orc wizard is severely wounded.
The kobold completely misses you.
The orc wizard gestures at you while chanting.
The magic dart hits you!
You die...

#.# #.# #.. # #.#
#.###.#.#
......#.####
#..(oK.o#
#.##$##o##)#
#.....o@##K.......
####.##KKKKK<.....
# ####........
#..#....#
..!#....# ##.#
##$# .. .#


You could see a big kobold, 2 orc wizards, an orc and 5 kobolds.

Vanquished Creatures
  A scorpion (D:4)
  2 jellies (D:3)
  An orc priest (D:4)
  A hound skeleton (D:4)
  3 adders
  8 oozes (D:3)
  2 worms
  2 dart slugs (D:1)
  5 leopard geckos
  12 orcs
  2 giant cockroaches
  9 goblins
  15 hobgoblins
  3 jackals (D:4)
  18 kobolds
  4 quokkas (D:2)
  10 bats
  9 frilled lizards
  A leopard gecko skeleton (D:4)
  5 rats
113 creatures vanquished.

Vanquished Creatures (others)
  3 fungi (D:3)
  10 toadstools (D:3)
13 creatures vanquished.

Grand Total: 126 creatures vanquished

Notes
Turn   | Place    | Note
-------+----------+-------------------------------------------
     0 | D:1      | Descartes the Felid Monk began the quest for the Orb.
     0 | D:1      | Reached XP level 1. HP: 10/10 MP: 2/2
    71 | D:1      | Reached skill level 3 in Stealth
   131 | D:1      | Reached XP level 2. HP: 10/14 MP: 3/3
   728 | D:1      | Reached XP level 3. HP: 14/17 MP: 4/4
  1237 | D:2      | Reached skill level 4 in Stealth
  1282 | D:2      | Reached XP level 4. HP: 21/21 MP: 5/5
  1717 | D:2      | Found a glowing golden altar of the Shining One.
  1961 | D:2      | Found a white marble altar of Elyvilon.
  2410 | D:3      | Noticed a +0 hand axe
  2412 | D:3      | Noticed a +0 hand axe
  2431 | D:3      | Found a hide-covered altar of Uskayaw.
  3009 | D:3      | Gained mutation: Your flesh is heat resistant. (rF+)
                  | [potion of mutation]
  3009 | D:3      | Lost mutation: Your flesh is heat resistant. (rF+) [potion
                  | of mutation]
  3009 | D:3      | Gained mutation: You are partially covered in iridescent
                  | scales. (AC +2) [potion of mutation]
  3009 | D:3      | Gained mutation: You expend magic power (3 MP) to
                  | strengthen your wands. [potion of mutation]
  3050 | D:3      | Reached XP level 5. HP: 24/24 MP: 6/6
  3054 | D:3      | Reached skill level 5 in Stealth
  3057 | D:3      | Reached skill level 5 in Dodging
  3072 | D:3      | Splashed by a jelly's acid
  3073 | D:3      | Reached XP level 4. HP: -2/22 MP: 5/5
  3583 | D:3      | Reached XP level 5. HP: 20/25 MP: 6/6
  3991 | D:4      | Found a staircase to the Ecumenical Temple.
  3998 | Temple   | Entered the Ecumenical Temple
  4347 | D:4      | Reached skill level 6 in Stealth
  4641 | D:4      | You fall into a shaft and drop 3 floors!
  4654 | D:7      | Lost mutation: You expend magic power (3 MP) to strengthen
                  | your wands. [potion of mutation]
  4654 | D:7      | Lost mutation: You are partially covered in iridescent
                  | scales. (AC +2) [potion of mutation]
  4654 | D:7      | Gained mutation: You are dopey. (Int -2) [potion of
                  | mutation]
  4654 | D:7      | Gained mutation: You are partially covered in yellow
                  | scales. (AC +2) [potion of mutation]
  4654 | D:7      | Gained mutation: Your system is resistant to poisons.
                  | (rPois) [potion of mutation]
  4654 | D:7      | Gained mutation: Your flesh is heat resistant. (rF+)
                  | [potion of mutation]
  4661 | D:7      | Killed from afar by an orc wizard

Levels and vault maps discovered:
D:1:      lightli_arrival_chessboard, layout_loops_ring, minmay_cupped
D:2:      layout_basic, tso_oasis_becter, elyvilon_altar_3, first_ration,
          bh_chokoban, minmay_pentomino_p4
D:3:      cheibrodos_fertilizer, layout_basic, dancing_weapons_uskayaw
D:4:      layout_basic, temple_green
D:7:      layout_loops_cross, the_bakery, eino_tiny_chamber
Temple:   compressed_dpeg_triangle_lava_temple

Skill      XL: |  1  2  3  4  5 |
---------------+----------------+-----
Stealth        | 3 4 6 |  6.0
Unarmed Combat | 4 |  4.7
Dodging        | 5 |  5.3
Fighting       | 4 |  4.0

Action                   |  1- 3 |  4- 6 || total
-------------------------+-------+-------++-------
Melee: Unarmed           |   108 |   229 ||   337
       Bite              |     7 |    15 ||    22
       Punch             |     3 |     7 ||    10
  Use: Potion            |       |     7 ||     7
       Scroll            |       |     2 ||     2
 Stab: Sleeping          |    11 |    16 ||    27
  Eat: Chunk             |     8 |    12 ||    20
Armor: Skin              |     3 |    13 ||    16
Dodge: Dodged            |    71 |   209 ||   280
